 Dungeon Crawl Stone Soup version 0.25-a0-253-g6f1b5d974a (webtiles) character file.

Game seed: 12648076391254958169, levelgen mode: classic

893 Borgoz the Skirmisher (level 8, -1/49 HPs)
             Began as a Gargoyle Gladiator on Dec 5, 2019.
             Was an Initiate of Ashenzari.
             Slain by Pikel
             ... wielding a +0 whip of flaming
              (3 damage)
             ... on level 5 of the Dungeon.
             The game lasted 00:06:38 (3655 turns).

Borgoz the Skirmisher (Gargoyle Gladiator)          Turns: 3655, Time: 00:06:39

Health: -1/49      AC: 11    Str: 24 (25) XL:     8   Next: 6%
Magic:  8/8        EV: 13    Int: 13 (14) God:    Ashenzari [......]
Gold:   235        SH:  0    Dex:  9 (11) Spells: 7/7 levels left

rFire    + + .     SeeInvis .   a - +1 long sword
rCold    + . .     Gourm    .   (no shield)
rNeg     + . .     Faith    .   e - +1 leather armour {rF+}
rPois    ∞         Spirit   .   c - +0 helmet
rElec    +         Reflect  .   m - scarf {rC+ rF+}
rCorr    .         Harm     .   (no gloves)
MR       .....                  (no boots)
Stlth    +.........             (no amulet)
HPRegen  0.16/turn              (no ring)
MPRegen  0.11/turn              l - +5 ring of intelligence

@: mighty, berserk cooldown, slowed, very slow
A: negative energy resistance 1, electricity resistance, unbreathing,
petrification resistance, rot immunity, AC +5
a: Curse Item, Renounce Religion


You were on level 5 of the Dungeon.
You worshipped Ashenzari.
Ashenzari was noncommittal.
You were not hungry.

You visited 1 branch of the dungeon, and saw 5 of its levels.
You also visited: Sewer.

You collected 235 gold pieces.

Inventory:

Hand Weapons
 a - a +1 long sword (weapon)
Missiles
 o - 2 throwing nets (quivered)
Armour
 c - a +0 helmet (worn)
 e - a +1 leather armour of fire resistance (worn)
 m - a scarf of resistance (worn)
Jewellery
 g - an uncursed ring of magical power
 j - an uncursed ring of wizardry
 l - a +5 ring of intelligence (right hand)
 p - an uncursed ring of ice
Wands
 b - a wand of paralysis (5)
 v - a wand of flame (27)
Scrolls
 i - 5 scrolls of teleportation
 k - 6 scrolls of remove curse
 r - 3 scrolls of enchant armour
 t - a scroll of immolation {unknown}
 x - a scroll of identify
Potions
 h - 2 potions of mutation
 n - a potion of agility
 q - a potion of might
 u - 2 potions of flight
Comestibles
 f - 8 rations


   Skills:
 + Level 5.2 Fighting
 + Level 4.8 Long Blades
 - Level 1.7 Throwing
 + Level 4.5 Armour
 + Level 4.4 Dodging


You had 7 spell levels left.
You didn't know any spells.
Your spell library was empty.

Dungeon Overview and Level Annotations

Branches:
Dungeon (5/15)              Sewer (visited)
 Temple: D:4-7

Altars:
Ashenzari
Nemelex Xobeh
Okawaru

Annotations:
D:5 Pikel


Innate Abilities, Weirdness & Mutations

You are resistant to torment.
Your stone body is resilient. (AC +5)
You are immune to poison.
You resist negative energy. (rN+)
You are resistant to electric shocks. (rElec)
You can survive without breathing.
You are immune to petrification.
You are immune to rotting.


Message History

You are no longer berserk.
You are exhausted.
You feel yourself slow down. Pikel hits you but does no damage.
The slave barely misses you. The crimson imp barely misses you.
You riposte.
You slash the crimson imp!
You kill the crimson imp!
You slash the slave!
You kill the slave!
That felt strangely unrewarding.
Pikel hits you with a +0 whip of flaming.
* * * LOW HITPOINT WARNING * * *
The quokka closely misses you. Pikel closely misses you.
The quokka bites you but does no damage. x2
The quokka bites you but does no damage.
Pikel hits you with a +0 whip of flaming.
* * * LOW HITPOINT WARNING * * *
The quokka bites you.
* * * LOW HITPOINT WARNING * * *
Pikel hits you with a +0 whip of flaming.
You die...

...# #######.# ...#
#.......# ...####.#######
...'...........
...####.#############
...# #.##..........# ####
#.##......#rl.###########
#.#######.#K#......r...r.
#.........@.#.###########
#########.###.# #.# #.#
#.###.# #.....# #######


You could see Pikel, a leopard gecko and a quokka.

Vanquished Creatures
  Purgy (Sewer)
  4 slaves (D:5)
  A sky beast (D:4)
  2 ogres (D:4)
  A bullfrog (D:4)
  A crimson imp (D:5)
  A bullfrog zombie (D:5)
  3 orc wizards
  Crazy Yiuf (D:3)
  6 worker ants
  2 adders
  2 gnolls (D:3)
  A shadow imp (D:5)
  An adder skeleton (D:5)
  4 worms
  2 dart slugs
  4 leopard geckos
  13 orcs
  5 giant cockroaches
  3 goblins
  6 hobgoblins
  6 jackals
  8 kobolds
  3 quokkas (D:4)
  A ball python (D:3)
  11 bats
  A frilled lizard (D:3)
  7 rats
  A fungus (D:3)
102 creatures vanquished.

Notes
Turn   | Place    | Note
-------+----------+-------------------------------------------
     0 | D:1      | Borgoz the Gargoyle Gladiator began the quest for the Orb.
     0 | D:1      | Reached XP level 1. HP: 12/12 MP: 1/1
   214 | D:1      | Reached XP level 2. HP: 3/18 MP: 2/2
   543 | D:1      | Found a sparkling altar of Nemelex Xobeh.
   561 | D:1      | Reached skill level 1 in Armour
   729 | D:2      | Reached XP level 3. HP: 19/22 MP: 3/3
  1091 | D:3      | Reached XP level 4. HP: 13/27 MP: 4/4
  1283 | D:3      | Reached skill level 3 in Fighting
  1304 | D:3      | Found a glowing drain.
  1341 | Sewer    | Entered a sewer
  1370 | Sewer    | Noticed Purgy
  1416 | Sewer    | Killed Purgy
  1416 | Sewer    | Reached XP level 5. HP: 17/32 MP: 5/5
  1737 | D:3      | Reached XP level 6. HP: 23/38 MP: 6/6
  2076 | D:3      | Found an iron altar of Okawaru.
  2085 | D:3      | Reached skill level 4 in Fighting
  2357 | D:3      | Found a runed translucent door.
  2358 | D:3      | Noticed Crazy Yiuf
  2363 | D:3      | Killed Crazy Yiuf
  2607 | D:4      | Reached XP level 7. HP: 44/44 MP: 7/7
  2751 | D:4      | Reached skill level 5 in Fighting
  3276 | D:4      | Found a shattered altar of Ashenzari.
  3295 | D:4      | Became a worshipper of Ashenzari the Shackled
  3395 | D:5      | Entered Level 5 of the Dungeon
  3420 | D:5      | Reached XP level 8. HP: 46/49 MP: 8/8
  3601 | D:5      | Noticed Pikel
  3654 | D:5      | HP: 2/49 [quokka (1)]
  3655 | D:5      | Slain by Pikel

Levels and vault maps discovered:
D:1:      psy_arrival_terrarium, layout_basic, nemelex_xobeh_ov_fountains_minmay
D:2:      layout_rooms, first_ration
D:3:      layout_loops_ring, gup_sewer_entry_glass, okawaru_altar_gauntlet_db,
          uniq_crazy_yiuf_cottage
D:4:      layout_loops_cross, overflow_temple_1_default
D:5:      layout_basic, serial_shops, shop_coins, uniq_eustachio, uniq_grinder,
          uniq_pikel

Skill      XL: |  1  2  3  4  5  6  7 |
---------------+----------------------+-----
Armour         | 1 2 3 4 |  4.5
Long Blades    | 3 4 |  4.8
Fighting       | 3 4 5 |  5.2
Dodging        | 3 4 |  4.4
Throwing       | |  1.7

Action                   |  1- 3 |  4- 6 |  7- 9 || total
-------------------------+-------+-------+-------++-------
Melee: Long sword        |    96 |   190 |   144 ||   430
Throw: Throwing net      |       |     3 |       ||     3
Evoke: Wand              |       |       |     5 ||     5
  Use: Potion            |     3 |     2 |     3 ||     8
       Scroll            |       |     9 |     1 ||    10
 Stab: Paralysed         |       |       |    16 ||    16
  Eat: Chunk             |     1 |     5 |     4 ||    10
Armor: Leather armour    |    39 |   123 |    68 ||   230
       Skin              |     5 |       |       ||     5
Dodge: Dodged            |    99 |   183 |    98 ||   380
       Rpst.: Long sword |    26 |    52 |    30 ||   108

Table legend:
 A = Non-vault XP
 B = Vault XP
 C = Vault XP percentage of total XP
 D = Non-vault monster count
 E = Vault monster count
 F = Vault count percentage of total count
                 A         B        C        D         E       F
            +---------+---------+-------+---------+---------+-------
      Total |    1055 |     221 |  17.3 |      81 |      16 |  16.5
            +---------+---------+-------+---------+---------+-------
        D:1 |      23 |       0 |   0.0 |      14 |       0 |   0.0
        D:2 |      47 |       0 |   0.0 |      15 |       0 |   0.0
        D:3 |     179 |      80 |  30.9 |      25 |      10 |  28.6
        D:4 |     695 |       0 |   0.0 |      22 |       0 |   0.0
        D:5 |     111 |       0 |   0.0 |       5 |       0 |   0.0
      Sewer |       0 |     141 | 100.0 |       0 |       6 | 100.0
            +---------+---------+-------+---------+---------+-------
